 Dungeon Crawl Stone Soup version 0.31-a0-1005-gfbdfbac (webtiles) character file.

Game seed: 11153753550129495781

44 Partyfoot the Digger (level 3, 0/26 HPs)
             Began as a Formicid Earth Elementalist on Nov 11, 2023.
             Succumbed to an adder's poison
             ... on level 2 of the Dungeon.
             The game lasted 00:06:03 (1399 turns).

Partyfoot the Digger (Formicid Earth Elementalist)  Turns: 1399, Time: 00:06:03

Health: 0/26       AC:  2    Str: 12    XL:     3   Next: 87%
Magic:  6/6        EV: 12    Int: 14    God:
Gold:   109        SH:  0    Dex: 16    Spells: 3/6 levels left

rFire   . . .        h - +0 short sword
rCold   . . .        (no shield)
rNeg    . . .        a - +0 robe
rPois   .            (helmet unavailable)
rElec   .            (no cloak)
rCorr   .            (no gloves)
SInv    +            (no boots)
Will    .....        l - amulet of the acrobat
Stlth   ++           (no ring)
HPRegen 0.24/turn    (no ring)
MPRegen 0.10/turn

%: acrobat
@: lethally poisoned (0 -> -10)
A: permanent stasis, dig shafts and tunnels, antennae 3, four strong arms
a: Dig, Shaft Self


You were on level 2 of the Dungeon.
You visited 1 branch of the dungeon, and saw 2 of its levels.

You collected 109 gold pieces.

Inventory:

Hand Weapons
 h - a +0 short sword (weapon)
Missiles
 g - 9 stones
Armour
 a - a +0 robe (worn)
Jewellery
 l - an amulet of the acrobat (around neck)
Scrolls
 d - a scroll of torment {unknown}
 k - a scroll of amnesia {unknown}
 m - a scroll of identify {unknown}
 o - a scroll of vulnerability {unknown}
Potions
 b - 2 potions of magic
 c - a potion of attraction {unknown}
 e - 2 potions of degeneration {unknown}
 f - a potion of curing {unknown}
 i - a potion of heal wounds {unknown}
 j - a potion of resistance {unknown}
 n - a potion of invisibility {unknown}


   Skills:
 + Level 1.1 Fighting
 + Level 0.7 Short Blades
 - Level 2.0 Dodging
 + Level 3.1 Stealth
 - Level 2.4 Spellcasting
 - Level 1.4 Transmutations
 + Level 4.1 Earth Magic


You had 3 spell levels left.
You knew the following spells:

 Your Spells              Type           Power      Damage    Failure   Level
a - Sandblast             Erth           26%        2d8       4%          1
b - Passwall              Tmut/Erth      7%         N/A       11%         2

Your spell library contained the following spells:

 Spells                   Type           Power      Damage    Failure   Level
 Stone Arrow              Conj/Erth      14%        3d7       28%         3
 Lesser Beckoning         Tloc           2%         N/A       34%         2
 Momentum Strike          Conj/Tloc      2%         3d8       34%         2
 Petrify                  Tmut/Erth      9%         N/A       56%         4
 Brom's Barrelling Bould  Conj/Erth      7%         2d3       67%         4
 Blink                    Tloc           Unusable   N/A       N/A         2

Dungeon Overview and Level Annotations

Branches:
Dungeon (2/15)

Altars:
The Shining One


Innate Abilities, Weirdness & Mutations

You cannot be hasted, slowed, berserked, paralysed or teleported.
You can dig through walls and to a lower floor.
You have a pair of large antennae on your head. (SInv)
Your four strong arms can wield two-handed weapons with a shield.


Message History

No target in view!
o - a scroll labelled CAOTRA KUHIRE An adder comes into view.
A giant cockroach comes into view.
Found a glowing spear.
Found a stone staircase leading down.
Found a scroll labelled OPIARYCEJE.
You see here a scroll labelled OPIARYCEJE.
You hit the adder.
The adder is moderately wounded.
The adder bites you.
You are poisoned.
The adder poisons you! The adder closely misses you.
The giant cockroach bites you but does no damage.
You feel sick.
You see here a scroll labelled OPIARYCEJE.
You miss the adder.
The adder is moderately wounded.
You feel sick. The adder bites you.
You hit the adder.
The adder is severely wounded.
You feel sick. The adder bites you. The adder misses you.
You closely miss the adder.
The adder is severely wounded.
You feel sick. The adder bites you.
You are more poisoned.
The adder poisons you!
You barely miss the adder.
The adder is severely wounded.
You feel sick. The adder bites you.
* * * LOW HITPOINT WARNING * * *
You hit the adder.
The adder is severely wounded.
* * * LOW HITPOINT WARNING * * *
You feel sick. The adder bites you.
* * * LOW HITPOINT WARNING * * *
You are more poisoned.
The adder poisons you!
You hit the adder.
You kill the adder!
You die...

#.##. #∩........♣ #.##.
#..........
#....###.......... #
#..#....8..8.....∩
##.###..##.†#..........
#..>.$.................
#.....B.##..#8..♣..8..∩
{ ##†# #..#..........
#@###..#..........
#.......8..∩..∩..♣
##................
#.##.............
#.#####8..∩..♣.._ #.#
##.######## #.# #...
#.# #.## #.# #.


You could see a giant cockroach.

Vanquished Creatures
  An adder (D:2)
  A dart slug (D:1)
  6 ball pythons
  2 endoplasms (D:1)
  A giant cockroach (D:1)
  3 hobgoblins
  10 jackals
  2 kobolds
  4 bats
  A frilled lizard (D:1)
  3 goblins
  4 rats
38 creatures vanquished.

Notes
Turn   | Place    | Note
-------+----------+-------------------------------------------
     0 | D:1      | Partyfoot the Formicid Earth Elementalist began the quest
                  | for the Orb.
     0 | D:1      | Reached XP level 1. HP: 13/13 MP: 3/3
   164 | D:1      | Reached XP level 2. HP: 19/19 MP: 5/5
   537 | D:1      | Reached XP level 3. HP: 11/24 MP: 6/6
   891 | D:1      | Reached skill level 4 in Earth Magic
  1058 | D:2      | Found a glowing golden altar of the Shining One.
  1203 | D:2      | Learned a level 2 spell: Passwall
  1221 | D:2      | Reached skill level 1 in Fighting
  1345 | D:2      | Found a faded altar of an unknown god.
  1399 | D:2      | Succumbed to an adder's poison

Illustrated notes

Levels and vault maps discovered:
D:1:      dpeg_arrival_shrine, layout_basic, nrook_loot_triangle
D:2:      layout_loops_ring, basic_altar, hellmonk_ecumenical_altar_arch_garden

Skill      XL: |  1  2  3 |
---------------+----------+-----
Dodging        | 2 |  2.0
Stealth        | 3 |  3.1
Earth Magic    | 4 |  4.1
Fighting       | 1 |  1.1
Short Blades   | |  0.7
Spellcasting   | |  2.4
Transmutations | |  1.4

Action                     || total
---------------------------++-------
  Melee: Unarmed           ||    16
         Club              ||    34
         Short sword       ||   119
         Punch             ||     3
Ability: Dig               ||     2
   Stab: Sleeping          ||     5
 Armour: Robe              ||   103
  Dodge: Dodged            ||   112

Table legend: (Time is in decaauts)
 A = Elapsed time spent in this place.
 B = Non-inter-level travel time spent in this place.
 C = Inter-level travel time spent in this place.
 D = Time resting spent in this place.
 E = Time spent auto-exploring this place.
 F = Levels seen in this place.
 G = Mean time per level.
                   A        B        C        D        E       F      G
               +--------+--------+--------+--------+--------+-----+--------+
         Total |   1405 |   1405 |      0 |    217 |    729 |   2 |  702.5 |
       Dungeon |   1405 |   1405 |      0 |    217 |    729 |   2 |  702.5 |
               +--------+--------+--------+--------+--------+-----+--------+

Top non-repeatable levels by time:
     D:1: 1066 daAuts
     D:2: 339 daAuts
